Map: King Sejong Station LE

Players

ChuckNorris

  • Race: Protoss Protoss
  • League: Platinum

blackxored - Winner!

  • Race: Zerg Zerg
  • League: Diamond

VOD

Have the link to the VOD?

Description

Time

  • Played on: June 30, 2016, 12:42 p.m.
  • Length: 17:56
Show
View Real Time Build Order
Export as new Build Order

ChuckNorris Protoss 

Build Orders: Forge Fast Expand (FFE) 

Get SALT Encoding   

  12  0:01  Probe (Chrono Boost)  
  13  0:11  Probe (Chrono Boost)  
  14  0:20  Pylon  
  14  0:23  Probe (Chrono Boost)  
  15  0:39  Probe (Chrono Boost)  
  15  0:40  Forge  
  16  0:49  Probe (Chrono Boost)  
  17  0:51  Pylon  
  17  1:00  Probe (Chrono Boost)  
  18  1:10  Probe (Chrono Boost)  
  19  1:21  Probe (Chrono Boost)  
  20  1:27  Nexus  
  20  1:32  Probe (Chrono Boost)  
  21  1:39  Photon Cannon  
  21  1:49  Gateway  
  21  1:53  Probe (Chrono Boost)  
  22  1:56  Assimilator  
  22  1:59  Assimilator  
  22  2:07  Probe (Chrono Boost)  
  23  2:11  Photon Cannon  
  23  2:20  Probe (Chrono Boost)  
  23  2:21  Pylon  
  24  2:32  Probe (Chrono Boost)  
  25  2:39  Assimilator  
  25  2:42  Probe (Chrono Boost)  
  25  2:43  Assimilator  
  26  2:46  Pylon  
  26  2:57  Cybernetics Core  
  26  3:01  Probe (Chrono Boost)  
  26  3:03  Probe (Chrono Boost)  
  28  3:16  Gateway  
  29  3:20  Probe x2 (Chrono Boost)  
  30  3:30  Probe (Chrono Boost)  
  31  3:34  Pylon, Warp Gate  
  31  3:36  Mothership Core (Chrono Boost)  
  31  3:41  Probe (Chrono Boost)  
  34  3:44  Stargate  
  34  3:51  Probe (Chrono Boost)  
  34  3:54  Probe (Chrono Boost)  
  36  3:57  Protoss Shields Level 1  
  36  4:06  Cybernetics Core  
  36  4:07  Probe (Chrono Boost)  
  36  4:08  Probe (Chrono Boost)  
  38  4:17  Probe (Chrono Boost)  
  38  4:18  Stargate  
  38  4:21  Probe (Chrono Boost)  
  40  4:28  Phoenix  
  42  4:35  Pylon  
  42  4:37  Probe x2 (Chrono Boost)  
  44  4:42  Cybernetics Core  
  44  4:46  Robotics Facility  
  44  4:50  Twilight Council  
  45  4:53  Probe (Chrono Boost)  
  45  4:54  Probe (Chrono Boost)  
  46  5:03  Fleet Beacon  
  46  5:15  Phoenix  
  48  5:23  Probe x2 (Chrono Boost)  
  50  5:37  Templar Archives  
  50  5:46  Photon Cannon  
  50  5:49  Photon Cannon  
  38  6:02  Photon Cannon  
  38  6:06  Probe x2 (Chrono Boost), Photon Cannon  
  38  6:09  Photon Cannon  
  40  6:11  Photon Cannon  
  27  6:26  Probe x2 (Chrono Boost)  
  28  6:36  Probe (Chrono Boost)  
  28  6:37  Probe (Chrono Boost)  
  30  6:49  Probe x2 (Chrono Boost)  
  30  6:50  Nexus  
  32  6:57  Pylon  
  32  7:02  Tempest  
  36  7:22  Pylon, Probe x2 (Chrono Boost)  
  38  7:25  Tempest  
  42  7:34  Probe x2 (Chrono Boost)  
  44  8:07  Photon Cannon  
  44  8:08  Photon Cannon  
  44  8:10  Photon Cannon  
  44  8:11  Photon Cannon  
  44  8:13  Photon Cannon  
  44  8:15  Photon Cannon  
  44  8:26  Probe x2 (Chrono Boost)  
  46  8:30  Pylon  
  46  8:36  Pylon  
  46  8:38  Tempest  
  50  8:45  Probe x3 (Chrono Boost)  
  53  8:50  Photon Cannon  
  53  8:54  Photon Cannon  
  53  8:59  Photon Cannon  
  53  9:00  Photon Cannon  
  53  9:05  Photon Cannon  
  53  9:06  Probe (Chrono Boost)  
  53  9:07  Probe (Chrono Boost)  
  53  9:08  Probe (Chrono Boost)  
  56  9:17  Probe (Chrono Boost)  
  57  9:27  Tempest  
  57  9:31  Photon Cannon  
  61  9:37  Photon Cannon  
  61  9:38  Observer  
  62  10:04  Pylon  
  62  10:05  Probe x2 (Chrono Boost), Assimilator  
  62  10:07  Graviton Catapult, Pylon  
  64  10:10  Assimilator  
  64  10:21  Carrier  
  64  10:26  Observer  
  64  10:27  Probe x2 (Chrono Boost)  
  73  10:29  Probe (Chrono Boost)  
  73  10:54  Photon Cannon  
  73  10:56  Photon Cannon  
  73  10:57  Photon Cannon  
  73  11:00  Photon Cannon  
  73  11:05  Probe (Chrono Boost)  
  73  11:08  Probe (Chrono Boost)  
  75  11:12  Protoss Air Weapons Level 1, Pylon  
  75  11:20  Probe (Chrono Boost)  
  75  11:21  Probe (Chrono Boost)  
  75  11:25  Photon Cannon  
  77  11:26  Pylon  
  77  11:27  Photon Cannon  
  67  11:32  Carrier  
  67  11:34  Psionic Storm  
  67  11:39  Probe (Chrono Boost)  
  73  11:57  Protoss Shields Level 2  
  73  12:06  Warp Prism  
  75  12:17  Carrier  
  75  12:20  Probe (Chrono Boost)  
  82  12:23  Probe (Chrono Boost)  
  83  13:00  Nexus  
  83  13:02  Assimilator  
  83  13:07  Assimilator  
  83  13:10  Probe x2 (Chrono Boost)  
  85  13:21  Probe x2 (Chrono Boost)  
  85  13:25  Pylon  
  87  13:28  Pylon  
  87  13:32  Probe x2 (Chrono Boost)  
  88  13:42  Carrier  
  88  13:46  Carrier  
  100  13:49  Protoss Air Weapons Level 2  
  100  13:56  Protoss Air Armor Level 1  
  100  14:06  Probe (Chrono Boost)  
  100  14:07  Probe (Chrono Boost)  
  102  14:20  Probe x3 (Chrono Boost)  
  105  14:44  Pylon  
  105  14:46  Pylon  
  105  15:08  Tempest  
  108  15:22  Probe (Chrono Boost)  
  109  15:35  Photon Cannon x2  
  109  15:37  Photon Cannon  
  109  15:41  Photon Cannon  
  109  16:01  Probe x2 (Chrono Boost)  
  110  16:23  Photon Cannon  
  110  16:24  Photon Cannon  
  110  16:25  Photon Cannon  
  110  16:27  Photon Cannon  
  110  16:29  Photon Cannon  
  110  16:40  Pylon  
  110  17:01  Pylon  
  110  17:05  Photon Cannon  
  110  17:07  Photon Cannon  
  110  17:09  Photon Cannon  
  110  17:24  Pylon  
Show
View Real Time Build Order
Export as new Build Order

blackxored Zerg - Winner!

Build Orders: Hatch First 

Get SALT Encoding   

  12  0:02  Drone  
  13  0:10  Drone  
  14  0:19  Overlord  
  14  0:24  Extractor  
  14  0:25  Drone  
  15  0:39  Drone x2  
  17  0:53  Hatchery  
  17  0:56  Drone  
  17  0:59  Drone  
  18  1:10  Extractor  
  17  1:15  Spawning Pool  
  17  1:17  Drone  
  17  1:20  Drone  
  18  1:28  Drone  
  19  1:40  Overlord  
  19  1:52  Drone  
  20  2:03  Queen  
  20  2:04  Zergling x2  
  20  2:07  Zergling x2  
  24  2:15  Metabolic Boost  
  24  2:19  Drone  
  24  2:22  Drone, Hatchery  
  25  2:35  Drone x3  
  28  2:41  Queen  
  30  2:46  Overlord  
  30  2:55  Drone x2  
  30  2:56  Drone  
  33  3:04  Overlord  
  33  3:06  Drone  
  33  3:10  Drone  
  35  3:15  Drone  
  35  3:17  Pneumatized Carapace  
  36  3:21  Overlord  
  36  3:32  Zergling x8  
  40  3:35  Drone  
  40  3:37  Queen  
  40  3:39  Overlord  
  43  3:46  Evolution Chamber  
  42  3:49  Drone  
  42  3:50  Baneling Nest  
  42  3:51  Drone  
  43  4:05  Overlord  
  43  4:10  Drone x7  
  43  4:14  Extractor, Drone  
  43  4:15  Drone  
  52  4:17  Drone  
  52  4:19  Drone  
  52  4:23  Zerg Melee Weapons Level 1  
  53  4:34  Spore Crawler  
  53  4:35  Drone x2  
  53  4:36  Spore Crawler  
  53  4:39  Spore Crawler  
  53  4:43  Spore Crawler  
  51  4:47  Lair  
  51  4:55  Spore Crawler  
  51  4:59  Zergling x2  
  52  5:00  Zergling x12  
  57  5:23  Baneling x3  
  57  5:24  Baneling  
  57  5:27  Baneling x4  
  57  5:32  Zergling x4  
  57  5:33  Zergling x24  
  69  6:04  Overlord x3  
  69  6:05  Overlord  
  69  6:10  Infestation Pit  
  68  6:13  Evolution Chamber  
  68  6:15  Overlord x3  
  68  6:17  Zerg Ground Armor Level 1  
  65  6:28  Drone x7  
  65  6:31  Centrifical Hooks  
  72  6:36  Drone  
  72  7:00  Overlord  
  72  7:08  Zerg Melee Weapons Level 2  
  72  7:09  Zergling x20  
  72  7:10  Zergling x8  
  72  7:11  Hatchery  
  72  7:14  Extractor, Drone x2  
  86  7:16  Extractor  
  86  7:21  Baneling x3  
  85  7:26  Baneling  
  85  7:32  Baneling  
  85  7:33  Baneling  
  85  7:47  Baneling x2  
  85  7:56  Zergling x2  
  85  7:57  Zergling x30  
  101  8:05  Zergling x2  
  101  8:06  Zergling x4  
  101  8:10  Drone x2  
  103  8:20  Zergling x4  
  103  8:29  Drone  
  103  8:30  Overlord x2  
  103  8:31  Overlord  
  104  8:43  Zerg Ground Armor Level 2  
  104  8:47  Overlord x4  
  104  8:48  Overlord x2  
  104  8:57  Baneling x8, Overseer  
  104  8:58  Baneling  
  104  9:02  Baneling, Hatchery  
  103  9:04  Baneling  
  103  9:06  Baneling  
  103  9:08  Baneling  
  103  9:13  Drone x13  
  103  9:17  Extractor  
  115  9:18  Extractor  
  115  9:24  Hive  
  114  9:27  Drone x3  
  114  9:29  Drone x2  
  119  9:32  Drone  
  119  9:33  Drone  
  121  9:45  Spire  
  120  9:51  Baneling  
  120  9:52  Baneling x3  
  120  9:53  Drone x2  
  120  9:54  Drone x5  
  120  9:55  Drone  
  120  9:57  Drone  
  129  10:10  Drone  
  130  10:14  Drone x4  
  130  10:15  Extractor x2, Drone x2  
  134  10:25  Extractor x2  
  132  10:31  Drone x7  
  132  10:32  Drone x4  
  141  10:43  Adrenal Glands  
  138  10:50  Zergling x2  
  138  10:51  Zergling x22  
  147  10:59  Drone  
  147  11:00  Drone x2  
  147  11:03  Greater Spire  
  150  11:06  Spire  
  150  11:11  Zergling x22  
  160  11:30  Zerg Melee Weapons Level 3, Zerg Ground Armor Level 3  
  160  11:35  Corruptor x3  
  160  11:36  Corruptor x5  
  174  11:54  Corruptor x5  
  174  12:06  Corruptor x3  
  179  12:29  Spore Crawler x4  
  175  12:30  Drone x8, Spore Crawler  
  175  12:31  Spore Crawler  
  175  12:32  Spore Crawler  
  175  12:34  Spore Crawler x3  
  177  12:38  Spore Crawler  
  177  12:39  Spore Crawler  
  177  12:40  Spore Crawler x2  
  177  12:41  Spore Crawler  
  177  12:42  Spore Crawler  
  171  12:44  Spore Crawler  
  166  12:54  Corruptor x6  
  173  13:15  Corruptor x4  
  181  13:23  Zerg Flyer Armor Level 1  
  181  13:25  Zerg Flyer Weapons Level 1, Hatchery  
  175  13:44  Corruptor x3  
  180  13:50  Corruptor  
  181  14:09  Corruptor x2  
  177  14:11  Overlord x2  
  177  14:12  Overlord  
  177  14:16  Queen  
  181  14:37  Extractor  
  181  14:38  Hatchery  
  179  14:39  Corruptor x2  
  179  14:40  Corruptor x7  
  179  14:41  Extractor, Corruptor x2  
  199  15:05  Hatchery  
  184  15:15  Corruptor  
  184  15:16  Corruptor x6  
  184  15:19  Zerg Flyer Weapons Level 2  
  184  15:20  Zerg Flyer Armor Level 2  
  197  15:41  Brood Lord  
  195  15:59  Brood Lord  
  195  16:00  Brood Lord x2  
  193  16:17  Overlord x2  
  193  16:18  Overlord x2  
  192  16:28  Baneling x5  
  192  16:35  Brood Lord  
  192  16:36  Brood Lord x3  
  195  16:49  Brood Lord x2  
  195  16:50  Brood Lord  
  197  17:03  Drone x2  
  199  17:23  Overseer  
  199  17:24  Overseer  
  199  17:25  Overseer x3  
  199  17:41  Extractor  
  199  17:42  Hatchery  
  191  17:46  Extractor  
Tags
 
Add a new tag
Caveats
  • Supply blocks, unpowered buildings, or Contaminate may cause inaccurate times.
  • Supply counts are checked every 10 seconds.